TOP OF THE 1ST |
Tortolita Drummers batting - Pitching for Port Royal Disaster : LHP Chet Saks
|
Pitching: LHP Chet Saks
|
|
Batting: RHB Lu-fang Koo
|
0-0: Ball 1-0: Bunt missed! 1-1: Fly out, F6 (Popup, 6)
|
Batting: RHB Colby King
|
0-0: Called Strike 0-1: Foul Ball, location: 2F 0-2: Ball 1-2: Ball 2-2: Fly out, F7 (Flyball, 7D)
|
Batting: RHB Ricardo Pacheco
|
0-0: Ground out 1-3 (Groundball, 15)
|
Top of the 1st over - 0 runs, 0 hits, 0 errors, 0 left on base; Tortolita 0 - Port Royal 0 |
BOTTOM OF THE 1ST |
Port Royal Disaster batting - Pitching for Tortolita Drummers : LHP César Vásquez
|
Pitching: LHP César Vásquez
|
|
Batting: LHB Datu Lesaca
|
0-0: Fly out, F7 (Flyball, 7S)
|
Batting: RHB Steve Bock
|
0-0: SINGLE (Groundball, 34D)
|
Batting: RHB John Burton
|
0-0: Ball 1-0: Foul Ball, location: 2F 1-1: Ball 2-1: Fly out, F7 (Flyball, 7D)
|
Batting: SHB Jasper Morrison
|
0-0: Called Strike 0-1: Ball 1-1: Swinging Strike 1-2: Ground out 3-1 (Groundball, 34S)
|
Bottom of the 1st over - 0 runs, 1 hit, 0 errors, 1 left on base; Tortolita 0 - Port Royal 0 |
TOP OF THE 2ND |
Tortolita Drummers batting - Pitching for Port Royal Disaster : LHP Chet Saks
|
Batting: RHB Otis Brewer
|
0-0: Called Strike 0-1: Ball 1-1: Ball 2-1: Fly out, F8 (Flyball, 8LM)
|
Batting: RHB Vincent Klein
|
0-0: DOUBLE (Flyball, 78D)
|
Batting: LHB Glen Allen Mixon
|
0-0: Ball 1-0: Fly out, F8 (Flyball, 8RD) Runner from 2nd tags up, SAFE at 3rd with throw
|
Batting: SHB Marcos Roa
|
0-0: Ball 1-0: Called Strike 1-1: Hit by Pitch
|
Batting: SHB Anthony Hopkins
|
0-0: Ball 1-0: Called Strike 1-1: Ball 2-1: Fielders Choice at 2nd, 5-4 (Groundball, 56)
|
Top of the 2nd over - 0 runs, 1 hit, 0 errors, 2 left on base; Tortolita 0 - Port Royal 0 |
BOTTOM OF THE 2ND |
Port Royal Disaster batting - Pitching for Tortolita Drummers : LHP César Vásquez
|
Batting: RHB Gary Chalmers
|
0-0: Ball 1-0: SOLO HOME RUN (Flyball, 9LD), Distance : 347 ft
|
Batting: LHB Vicente Gonzáles
|
0-0: Ball 1-0: Ground out 4-3 (Groundball, 4)
|
Batting: RHB Wes Shannon
|
0-0: Called Strike 0-1: Ball 1-1: Swinging Strike 1-2: Strikes out swinging
|
Batting: LHB Ricky Payton
|
0-0: Foul Ball, location: 2F 0-1: Ball 1-1: Ball 2-1: Called Strike 2-2: Ball 3-2: Strikes out swinging
|
Bottom of the 2nd over - 1 run, 1 hit, 0 errors, 0 left on base; Tortolita 0 - Port Royal 1 |
TOP OF THE 3RD |
Tortolita Drummers batting - Pitching for Port Royal Disaster : LHP Chet Saks
|
Batting: RHB Iván Chacón
|
0-0: SINGLE (Line Drive, 4D)
|
Batting: RHB Lu-fang Koo
|
0-0: Called Strike 0-1: Ball 1-1: Foul Ball, location: 2F 1-2: Foul Ball, location: 2F 1-2: Ball 2-2: Foul Ball, location: 2F 2-2: Foul Ball, location: 2F 2-2: Fly out, F7 (Flyball, 7S)
|
Batting: RHB Colby King
|
0-0: Ball 1-0: Ball 2-0: Ball 3-0: Called Strike 3-1: Swinging Strike 3-2: Base on Balls Iván Chacón to second
|
Batting: RHB Ricardo Pacheco
|
0-0: Foul Ball, location: 2F 0-1: Ball 1-1: Ball 2-1: Foul Ball, location: 2F 2-2: Foul Ball, location: 2F 2-2: Ball 3-2: Foul Ball, location: 2F 3-2: Ground out 4-3 (Groundball, 4S) Iván Chacón to third Colby King to second
|
Batting: RHB Otis Brewer
|
0-0: Swinging Strike 0-1: Ball 1-1: SINGLE (Line Drive, 56) Iván Chacón scores Colby King to third Runner from 3rd tries for Home, SAFE, no throw
|
Batting: RHB Vincent Klein
|
0-0: Ball 1-0: Fly out, F9 (Flyball, 89M)
|
Top of the 3rd over - 2 runs, 2 hits, 0 errors, 1 left on base; Tortolita 2 - Port Royal 1 |
BOTTOM OF THE 3RD |
Port Royal Disaster batting - Pitching for Tortolita Drummers : LHP César Vásquez
|
Batting: LHB José Vázquez
|
0-0: Swinging Strike 0-1: Swinging Strike 0-2: Ball 1-2: Ball 2-2: Foul Ball, location: 2F 2-2: Foul Ball, location: 2F 2-2: Ball 3-2: Base on Balls
|
Batting: LHB Datu Lesaca
|
0-0: Ball 1-0: Called Strike 1-1: Ball 2-1: Swinging Strike 2-2: Grounds into double play, 4-6-3 (Groundball, 4M)
|
Batting: RHB Steve Bock
|
0-0: Called Strike 0-1: Ball 1-1: SINGLE (Groundball, 4MD)
|
Batting: RHB John Burton
|
0-0: Ball 1-0: Ball 2-0: Ball 3-0: Called Strike 3-1: Fielders Choice at 2nd, 6-4 (Groundball, 6)
|
Bottom of the 3rd over - 0 runs, 1 hit, 0 errors, 1 left on base; Tortolita 2 - Port Royal 1 |
TOP OF THE 4TH |
Tortolita Drummers batting - Pitching for Port Royal Disaster : LHP Chet Saks
|
Batting: LHB Glen Allen Mixon
|
0-0: Foul Ball, location: 2F 0-1: Ball 1-1: Foul Ball, location: 2F 1-2: SINGLE (Line Drive, 34D)
|
Batting: SHB Marcos Roa
|
0-0: Called Strike 0-1: Ball 1-1: Fly out, F6 (Flyball, 56D)
|
Batting: SHB Anthony Hopkins
|
0-0: Ball 1-0: Ball 2-0: Foul Ball, location: 2F 2-1: Ball 3-1: Foul Ball, location: 2F 3-2: Foul Ball, location: 2F 3-2: DOUBLE (Groundball, 5L) Glen Allen Mixon to third
|
Batting: RHB Iván Chacón
|
0-0: Ball 1-0: Ball 2-0: Ball 3-0: Called Strike 3-1: Base on Balls
|
Batting: RHB Lu-fang Koo
|
0-0: Reached on error, E6 (Groundball, 56) Glen Allen Mixon scores Anthony Hopkins to third Iván Chacón to second
|
Batting: RHB Colby King
|
0-0: Foul Ball, location: 2F 0-1: Called Strike 0-2: Ball 1-2: Ball 2-2: Ball 3-2: Base on Balls Anthony Hopkins scores Iván Chacón to third Lu-fang Koo to second
|
Batting: RHB Ricardo Pacheco
|
0-0: Ball 1-0: Foul Ball, location: 2F 1-1: Swinging Strike 1-2: Grounds into double play, 6-4-3 (Groundball, 6)
|
Top of the 4th over - 2 runs, 2 hits, 1 error, 2 left on base; Tortolita 4 - Port Royal 1 |
BOTTOM OF THE 4TH |
Port Royal Disaster batting - Pitching for Tortolita Drummers : LHP César Vásquez
|
Batting: SHB Jasper Morrison
|
0-0: Ball 1-0: Called Strike 1-1: Ball 2-1: SOLO HOME RUN (Line Drive, 7LD), Distance : 366 ft
|
Batting: RHB Gary Chalmers
|
0-0: Called Strike 0-1: Called Strike 0-2: SINGLE (Groundball, 34D)
|
Batting: LHB Vicente Gonzáles
|
0-0: Ball 1-0: Fly out, F4 (Popup, 34)
|
Batting: RHB Wes Shannon
|
0-0: Ball 1-0: Ball 2-0: Foul Ball, location: 2F 2-1: Ball 3-1: Foul Ball, location: 2F 3-2: Foul Ball, location: 2F 3-2: Base on Balls Gary Chalmers to second
|
Batting: LHB Ricky Payton
|
0-0: SINGLE (Line Drive, 9LS) Gary Chalmers to third Wes Shannon to second Runner from 3rd tries for Home, SAFE, no throw
|
Batting: LHB José Vázquez
|
0-0: Called Strike 0-1: Called Strike 0-2: Strikes out swinging
|
Batting: LHB Datu Lesaca
|
0-0: Ball 1-0: Called Strike 1-1: Ball 2-1: Foul Ball, location: 2F 2-2: Ball 3-2: Base on Balls Wes Shannon to third Ricky Payton to second
|
Batting: RHB Steve Bock
|
0-0: Ball 1-0: Ball 2-0: Fly out, F8 (Line Drive, 78D)
|
Bottom of the 4th over - 2 runs, 3 hits, 0 errors, 3 left on base; Tortolita 4 - Port Royal 3 |
TOP OF THE 5TH |
Tortolita Drummers batting - Pitching for Port Royal Disaster : LHP Chet Saks
|
Batting: RHB Otis Brewer
|
0-0: Called Strike 0-1: Ball 1-1: Ball 2-1: Called Strike 2-2: Foul Ball, location: 2F 2-2: Foul Ball, location: 2F 2-2: Ball 3-2: Ground out 6-3 (Groundball, 6)
|
Batting: RHB Vincent Klein
|
0-0: Ball 1-0: Foul Ball, location: 2F 1-1: Ball 2-1: Ball 3-1: Swinging Strike 3-2: Fly out, F7 (Flyball, 7LSF)
|
Batting: LHB Glen Allen Mixon
|
0-0: Ground out 4-3 (Groundball, 4)
|
Top of the 5th over - 0 runs, 0 hits, 0 errors, 0 left on base; Tortolita 4 - Port Royal 3 |
BOTTOM OF THE 5TH |
Port Royal Disaster batting - Pitching for Tortolita Drummers : LHP César Vásquez
|
Batting: RHB John Burton
|
0-0: Foul Ball, location: 2F 0-1: Swinging Strike 0-2: Foul Ball, location: 2F 0-2: Foul Ball, location: 2F 0-2: Fly out, F8 (Line Drive, 8LD)
|
Batting: SHB Jasper Morrison
|
0-0: Ball 1-0: Called Strike 1-1: Foul Ball, location: 2F 1-2: Foul Ball, location: 2F 1-2: Ball 2-2: Ball 3-2: Base on Balls
|
Batting: RHB Gary Chalmers
|
0-0: Foul Ball, location: 2F 0-1: Ball 1-1: Swinging Strike Jasper Morrison steals 2nd base 1-2: Strikes out swinging
|
Batting: LHB Vicente Gonzáles
|
0-0: Called Strike 0-1: Ball 1-1: Swinging Strike 1-2: SINGLE (Groundball, 34D) Jasper Morrison to third Runner from 3rd tries for Home, SAFE, throw made home
|
Batting: RHB Wes Shannon
|
0-0: SINGLE (Line Drive, 56D) Vicente Gonzáles to second
|
Batting: LHB Ricky Payton
|
0-0: Ball 1-0: Called Strike 1-1: Foul Ball, location: 2F 1-2: Ground out 4-3 (Groundball, 4)
|
Bottom of the 5th over - 1 run, 2 hits, 0 errors, 2 left on base; Tortolita 4 - Port Royal 4 |
TOP OF THE 6TH |
Tortolita Drummers batting - Pitching for Port Royal Disaster : LHP Chet Saks
|
Pitching: RHP Will Moore
|
|
Batting: SHB Marcos Roa
|
0-0: Ball 1-0: Called Strike 1-1: Ball 2-1: Ball 3-1: Swinging Strike 3-2: Ground out 3-1 (Groundball, 34S)
|
Batting: SHB Anthony Hopkins
|
0-0: Foul Ball, location: 2F 0-1: Ground out U3 (Groundball, 3)
|
Batting: RHB Iván Chacón
|
0-0: Called Strike 0-1: Ball 1-1: Ground out 5-3 (Groundball, 5S)
|
Top of the 6th over - 0 runs, 0 hits, 0 errors, 0 left on base; Tortolita 4 - Port Royal 4 |
BOTTOM OF THE 6TH |
Port Royal Disaster batting - Pitching for Tortolita Drummers : LHP César Vásquez
|
Batting: LHB José Vázquez
|
0-0: Ball 1-0: Foul Ball, location: 2F 1-1: Swinging Strike 1-2: DOUBLE (Line Drive, 78D)
|
Pitching: RHP Mike Desmond
|
|
Batting: LHB Datu Lesaca
|
0-0: Intentional Walk
|
Batting: RHB Steve Bock
|
0-0: Sac Bunt - play at first, batter safe! José Vázquez to third Datu Lesaca to second
|
Batting: RHB John Burton
|
0-0: Ball 1-0: Grounds into double play, 6-4-3 (Groundball, 6) José Vázquez scores Datu Lesaca to third
|
Batting: SHB Jasper Morrison
|
0-0: Called Strike 0-1: Swinging Strike 0-2: Ball 1-2: Ball 2-2: Foul Ball, location: 2F 2-2: Ball 3-2: Fly out, F9 (Flyball, 9S)
|
Bottom of the 6th over - 1 run, 2 hits, 0 errors, 1 left on base; Tortolita 4 - Port Royal 5 |
TOP OF THE 7TH |
Tortolita Drummers batting - Pitching for Port Royal Disaster : RHP Will Moore
|
Batting: RHB Lu-fang Koo
|
0-0: Ball 1-0: Foul Ball, location: 2F 1-1: Foul Ball, location: 2F 1-2: Ball 2-2: Ball 3-2: SINGLE (Line Drive, 9S)
|
Batting: RHB Colby King
|
0-0: Ball 1-0: Sac Bunt - play at first, batter safe! Lu-fang Koo to second
|
Batting: RHB Ricardo Pacheco
|
0-0: Swinging Strike 0-1: Foul Ball, location: 2F 0-2: Ball 1-2: Strikes out swinging
|
Batting: RHB Otis Brewer
|
0-0: Ball 1-0: Ball 2-0: Ball 3-0: Called Strike 3-1: Swinging Strike 3-2: Strikes out swinging
|
Batting: RHB Vincent Klein
|
0-0: Called Strike 0-1: Foul Ball, location: 2F 0-2: Ball 1-2: Ball 2-2: Fly out, F9 (Flyball, 89D)
|
Top of the 7th over - 0 runs, 2 hits, 0 errors, 2 left on base; Tortolita 4 - Port Royal 5 |
BOTTOM OF THE 7TH |
Port Royal Disaster batting - Pitching for Tortolita Drummers : RHP Stu Noble
|
Pitching: RHP Stu Noble
|
|
Batting: RHB Gary Chalmers
|
0-0: Fly out, F4 (Popup, 34S)
|
Batting: LHB Vicente Gonzáles
|
0-0: Ball 1-0: Called Strike 1-1: Ball 2-1: Ball 3-1: Foul Ball, location: 2F 3-2: Base on Balls
|
Pinch Hitting: LHB Bob Daugherty
|
0-0: Foul Ball, location: 2F 0-1: SINGLE (Flyball, 8LS) Vicente Gonzáles to second
|
Batting: LHB Ricky Payton
|
0-0: Swinging Strike Balk! Vicente Gonzáles to third Bob Daugherty to second 0-1: Ground out U3 (Groundball, 3)
|
Batting: LHB José Vázquez
|
0-0: Ball 1-0: Called Strike 1-1: Ball 2-1: Foul Ball, location: 2F 2-2: Ball 3-2: Foul Ball, location: 2F 3-2: Foul Ball, location: 2F 3-2: Foul Ball, location: 2F 3-2: Base on Balls
|
Batting: LHB Datu Lesaca
|
0-0: Called Strike 0-1: Called Strike 0-2: Ground out 3-1 (Groundball, 34)
|
Bottom of the 7th over - 0 runs, 1 hit, 0 errors, 3 left on base; Tortolita 4 - Port Royal 5 |
TOP OF THE 8TH |
Tortolita Drummers batting - Pitching for Port Royal Disaster : RHP Will Moore
|
Now at 3B: Bob Daugherty
|
|
Batting: LHB Glen Allen Mixon
|
0-0: Ground out 4-3 (Groundball, 4)
|
Batting: SHB Marcos Roa
|
0-0: Ball 1-0: SINGLE (Flyball, 89S)
|
Pitching: LHP Magnus Scheving
|
|
Pinch Hitting: RHB Eisse Cals
|
0-0: Called Strike 0-1: Called Strike 0-2: Ball 1-2: Foul Ball, location: 2F 1-2: Strikes out swinging
|
Batting: RHB Iván Chacón
|
0-0: Ball 1-0: Called Strike 1-1: Ball 2-1: Ball 3-1: Base on Balls Marcos Roa to second
|
Batting: RHB Lu-fang Koo
|
0-0: Foul Ball, location: 2F 0-1: Ball 1-1: Foul Ball, location: 2F 1-2: Strikes out swinging
|
Top of the 8th over - 0 runs, 1 hit, 0 errors, 2 left on base; Tortolita 4 - Port Royal 5 |
BOTTOM OF THE 8TH |
Port Royal Disaster batting - Pitching for Tortolita Drummers : RHP Mark Sinclair
|
Pitching: RHP Mark Sinclair
|
|
Now in LF: Santo Alba
|
|
Batting: RHB Steve Bock
|
0-0: Called Strike 0-1: Ground out 6-3 (Groundball, 56)
|
Batting: RHB John Burton
|
0-0: Ball 1-0: Ball 2-0: Called Strike 2-1: Ball 3-1: Base on Balls
|
Batting: SHB Jasper Morrison
|
0-0: Ball 1-0: Ball 2-0: Called Strike 2-1: SINGLE (Line Drive, 56D) John Burton to second
|
Batting: RHB Gary Chalmers
|
0-0: Called Strike 0-1: Ball 1-1: Called Strike John Burton steals 3rd base 1-2: Ground out 6-3 (Groundball, 6) John Burton scores Jasper Morrison to second
|
Batting: LHB Vicente Gonzáles
|
0-0: Ball 1-0: Swinging Strike 1-1: Foul Ball, location: 2F 1-2: Ball 2-2: Strikes out looking
|
Bottom of the 8th over - 1 run, 1 hit, 0 errors, 1 left on base; Tortolita 4 - Port Royal 6 |
TOP OF THE 9TH |
Tortolita Drummers batting - Pitching for Port Royal Disaster : LHP Magnus Scheving
|
Pitching: LHP Paco Salazar
|
|
Batting: RHB Colby King
|
0-0: Ball 1-0: Ball 2-0: Called Strike 2-1: Ground out 6-3 (Groundball, 6)
|
Batting: RHB Ricardo Pacheco
|
0-0: Called Strike 0-1: Foul Ball, location: 2F 0-2: Ball 1-2: Fly out, F3 (Popup, 3SF)
|
Batting: RHB Otis Brewer
|
0-0: Ball 1-0: Foul Ball, location: 2F 1-1: Ground out 5-3 (Groundball, 5)
|
Top of the 9th over - 0 runs, 0 hits, 0 errors, 0 left on base; Tortolita 4 - Port Royal 6 |
|